 Dungeon Crawl Stone Soup version 0.29.0-4-gdea44cf6ec (webtiles) character file.

Game seed: 17446905555054705533

836 qw the Cleaver (level 7, -3/41 HPs)
             Began as a Tengu Warper on Aug 28, 2022.
             Splashed by a jelly's acid (7 damage)
             ... on level 6 of the Dungeon.
             The game lasted 00:00:31 (5626 turns).

qw the Cleaver (Tengu Warper)                       Turns: 5626, Time: 00:00:31

Health: -3/41      AC:  9    Str: 18    XL:     7   Next: 99%
Magic:  11/11      EV:  8    Int: 12    God:
Gold:   232        SH:  4    Dex: 12    Spells: 10/10 levels left

rFire   . . .      SeeInvis .   Y - +2 hand axe
rCold   + . .      Faith    .   h - +0 buckler
rNeg    + . .      Spirit   .   j - +0 chain mail
rPois   +          Reflect  .   (helmet restricted)
rElec   .          Harm     .   d - +2 cloak
rCorr   .          Rampage  .   m - +0 pair of gloves
Will    .....                   (boots unavailable)
Stlth   ..........              (no amulet)
HPRegen 0.13/turn               c - ring of protection from cold
MPRegen 0.12/turn               f - ring of positive energy

@: lethally poisoned (-3 -> -14), about to teleport, corroded, flying quickly
and evasively, quick
A: beak, talons 3, nimble flight, poison resistance, strong 1
a: no special abilities


You were on level 6 of the Dungeon.
You visited 1 branch of the dungeon, and saw 6 of its levels.

You collected 232 gold pieces.


Innate Abilities, Weirdness & Mutations

You have a beak for a mouth.
You have claws for feet.
Your magical nature lets you fly swiftly and evasively.
Your system is resistant to poisons. (rPois)
Your muscles are strong. (Str +4, Int/Dex -1)


   Skills:
 - Level 3.2 Fighting
 - Level 8.0 Axes
 + Level 1.8 Throwing
 - Level 3.3 Armour
 - Level 2.1 Dodging
 - Level 2.0 Shields
 - Level 2.0 Spellcasting
 - Level 2.4 Translocations


You had 10 spell levels left.
You didn't know any spells.
Your spell library contained the following spells:

 Spells                   Type           Power      Damage    Failure   Level
 Blink                    Tloc           12%        N/A       95%         2
 Gell's Gravitas          Tloc           6%         N/A       99%         3
 Lesser Beckoning         Tloc           6%         N/A       99%         3
 Teleport Other           Tloc           6%         N/A       99%         3
 Manifold Assault         Tloc           6%         N/A       100%        5

Inventory:

Hand Weapons
 g - a +2 flail of holy wrath
 Y - a +2 hand axe (weapon)
Missiles
 k - 3 javelins (quivered)
Armour
 d - a +2 cloak (worn)
 h - a +0 buckler (worn)
 j - a +0 chain mail (worn)
 m - a +0 pair of gloves (worn)
Jewellery
 c - a ring of protection from cold (left hand)
 f - a ring of positive energy (right hand)
Scrolls
 a - a scroll of identify
 s - 2 scrolls of teleportation
Potions
 b - a potion of haste
 e - a potion of mutation
 i - a potion of resistance
 n - a potion of curing
 p - a potion of ambrosia {unknown}
 q - a potion of magic {unknown}
 r - a potion of flight {unknown}

Dungeon Overview and Level Annotations

Branches:
Dungeon (6/15)
 Temple: D:4-7

Altars:
Cheibriados
Elyvilon
Gozag
Kikubaaqudgha
Wu Jian
Yredelemnul

Annotations:
D:4 2 transporters, Menkaure
D:5 3 runed translucent doors, qw's ghost, amateur TeWr; qw's ghost, novice TeWr


Message History

You hit the ufetubus but do no damage.
The ufetubus hits you but does no damage. x2
A wight comes into view. It is wielding a +5 halberd.
The gnoll barely misses you. The gnoll hits you but does no damage.
The gnoll sergeant hits you from afar with a +2 spear of venom.
The ufetubus hits you but does no damage.
You block the ufetubus's attack.
You closely miss the gnoll. Your peck misses the gnoll.
The gnoll is almost dead.
You hit the jelly.
Your hands burn!
You hit the ufetubus but do no damage. The gnoll barely misses you.
You block the jelly's attack. The gnoll hits you but does no damage.
The gnoll sergeant hits you but does no damage.
You are poisoned.
The ufetubus closely misses you.
The ufetubus hits you but does no damage.
You hit the gnoll.
You kill the gnoll!
You completely miss the jelly. You hit the ufetubus.
You feel sick. The ufetubus hits you. The ufetubus barely misses you.
A wight comes into view. It is wielding a +0 hand axe.
The jelly barely misses you.
The gnoll hits you from afar with a +0 spear.
The gnoll sergeant completely misses you.
The ufetubus barely misses you. The ufetubus hits you.
You miss the ufetubus.
The ufetubus is moderately wounded.
You hit the jelly. The acid corrodes you!
Your hands burn!
You feel sick. The jelly closely misses you.
The gnoll sergeant hits you from afar with a +2 spear of venom.
You are lethally poisoned!
The gnoll closely misses you. The ufetubus hits you.
The ufetubus barely misses you.
5626 ||| READING 3 scrolls of teleportation.
As you read the scroll of teleportation, it crumbles to dust.
You feel strangely unstable.
You feel very sick. You block the ufetubus's attack.
The ufetubus closely misses you. The jelly hits you. The acid corrodes you!
You are splashed with acid!
You die...

#####....
#..?....#
#.......##
#........ ###.
#.......#.....
##.......#..#
.>..........#
#...z.<5#
###..##@#
#.z..zJ.)..#
...#..#gg#......
..... #.g......#
$.## .... #####
###.## #.# #^#


You could see a gnoll sergeant, a jelly, 3 wights, 2 gnolls and an ufetubus.

Vanquished Creatures
  A water moccasin (D:5)
  A phantom (D:5)
  2 scorpions (D:5)
  5 wights (D:4)
  An orc priest (D:4)
  2 hounds (D:5)
  An iguana (D:5)
  6 adders
  A gnoll (D:6)
  An ufetubus (D:5)
  3 worms
  3 dart slugs
  9 orcs (D:4)
  8 endoplasms
  3 giant cockroaches
  4 goblins
  6 hobgoblins
  12 jackals
  3 quokkas
  10 ball pythons
  2 bats
  3 frilled lizards
  9 kobolds
  8 rats
104 creatures vanquished.

Vanquished Creatures (others)
  5 demonic plants (D:2)
  A fungus (D:2)
  A plant (D:2)
  2 withered plants (D:2)
9 creatures vanquished.

Grand Total: 113 creatures vanquished

Notes
Turn   | Place    | Note
-------+----------+-------------------------------------------
     0 | D:1      | qw the Tengu Warper began the quest for the Orb.
     0 | D:1      | Reached XP level 1. HP: 12/12 MP: 4/4
     0 | D:1      | 0 ||| qw: Version: 0.1-a-89-g26bdef1
     0 | D:1      | 0 ||| qw: Game counter: 2501
     0 | D:1      | 0 ||| qw: Always use a shield: true
     0 | D:1      | 0 ||| qw: God list: Okawaru
     0 | D:1      | 0 ||| qw: Allow faded altars: false
     0 | D:1      | 0 ||| qw: Do Orc after D:15 true
     0 | D:1      | 0 ||| qw: Do second Lair branch before Depths: true
     0 | D:1      | 0 ||| qw: Lair rune preference: random
     0 | D:1      | 0 ||| qw: Plans: Normal
     0 | D:1      | 0 ||| PLANNING D:1-11
    17 | D:1      | 17 ||| Stepping ~*~*~tactically~*~*~ (stealth).
    18 | D:1      | 18 ||| Stepping ~*~*~tactically~*~*~ (stealth).
    32 | D:1      | Reached XP level 2. HP: 14/17 MP: 6/6
    39 | D:1      | Reached skill level 3 in Axes
   393 | D:1      | 393 ||| Stepping ~*~*~tactically~*~*~ (stealth).
   402 | D:1      | 402 ||| Stepping ~*~*~tactically~*~*~ (stealth).
   596 | D:1      | 596 ||| DROPPING +0 club.
   640 | D:1      | Reached XP level 3. HP: 18/21 MP: 7/7
  1104 | D:1      | 1104 ||| Stepping ~*~*~tactically~*~*~ (stealth).
  1106 | D:1      | 1106 ||| Stepping ~*~*~tactically~*~*~ (stealth).
  1120 | D:1      | Reached skill level 4 in Axes
  1148 | D:1      | 1148 ||| Stepping ~*~*~tactically~*~*~ (hiding).
  1250 | D:1      | 1250 ||| Stepping ~*~*~tactically~*~*~ (hiding).
  1519 | D:1      | 1519 ||| UPGRADING to +2 cloak.
  1524 | D:1      | 1524 ||| READING scroll labelled ACUMAS RIDO.
  1529 | D:1      | 1529 ||| DRINKING 2 black potions.
  1529 | D:1      | Gained mutation: Your system is resistant to poisons.
                  | (rPois) [potion of mutation]
  1529 | D:1      | Gained mutation: Your muscles are strong. (Str +4, Int/Dex
                  | -1) [potion of mutation]
  1530 | D:1      | 1530 ||| DRINKING 2 lumpy silvery potions.
  1573 | D:1      | 1573 ||| DROPPING scroll of blinking.
  1574 | D:1      | 1574 ||| DROPPING potion of lignification.
  1585 | D:2      | 1585 ||| STAIRDANCE
  1790 | D:2      | Found a faded altar of an unknown god.
  1795 | D:2      | 1795 ||| Stepping ~*~*~tactically~*~*~ (stealth).
  1798 | D:2      | 1798 ||| Stepping ~*~*~tactically~*~*~ (stealth).
  1799 | D:2      | 1799 ||| Stepping ~*~*~tactically~*~*~ (stealth).
  1810 | D:2      | Reached XP level 4. HP: 19/26 MP: 8/8
  1951 | D:2      | 1951 ||| Stepping ~*~*~tactically~*~*~ (stealth).
  1952 | D:2      | 1952 ||| Stepping ~*~*~tactically~*~*~ (stealth).
  2101 | D:2      | 2101 ||| Stepping ~*~*~tactically~*~*~ (stealth).
  2103 | D:2      | 2103 ||| Stepping ~*~*~tactically~*~*~ (stealth).
  2104 | D:2      | 2104 ||| Stepping ~*~*~tactically~*~*~ (stealth).
  2105 | D:2      | 2105 ||| Stepping ~*~*~tactically~*~*~ (stealth).
  2157 | D:2      | Reached skill level 5 in Axes
  2424 | D:2      | 2424 ||| UPGRADING to +0 ring mail.
  2434 | D:2      | 2434 ||| DROPPING +0 leather armour.
  2435 | D:2      | 2435 ||| UPGRADING to ring of protection from cold.
  2436 | D:2      | 2436 ||| READING 3 scrolls labelled QIG TYORITI.
  2437 | D:2      | 2437 ||| READING scroll labelled MIPEAM RAENER.
  2438 | D:2      | 2438 ||| READING scroll labelled XOIROO CASEC.
  2439 | D:2      | 2439 ||| READING scroll labelled MEX REMERYO.
  2440 | D:2      | 2440 ||| READING scroll labelled WUIXZIOTIA.
  2441 | D:2      | 2441 ||| READING 2 scrolls of identify.
  2441 | D:2      | 2441 ||| IDENTIFYING ruby potion
  2442 | D:2      | 2442 ||| DROPPING potion of attraction.
  2481 | D:3      | Found an ornate altar of the Wu Jian Council.
  2590 | D:3      | 2590 ||| Stepping ~*~*~tactically~*~*~ (stealth).
  2592 | D:3      | 2592 ||| Stepping ~*~*~tactically~*~*~ (hiding).
  2594 | D:3      | 2594 ||| Stepping ~*~*~tactically~*~*~ (stealth).
  2596 | D:3      | 2596 ||| Stepping ~*~*~tactically~*~*~ (stealth).
  2981 | D:3      | 2981 ||| UPGRADING to ring of positive energy.
  3024 | D:4      | Gained mutation: Your magical nature lets you fly swiftly
                  | and evasively. [Tengu growth]
  3024 | D:4      | Reached XP level 5. HP: 30/30 MP: 9/9
  3086 | D:4      | Reached skill level 6 in Axes
  3091 | D:4      | HP: 6/29 [wight/+1 dagger (6)]
  3093 | D:4      | Reached XP level 6. HP: 7/35 MP: 10/10
  3348 | D:4      | 3348 ||| Stepping ~*~*~tactically~*~*~ (hiding).
  3363 | D:4      | Reached skill level 7 in Axes
  3364 | D:4      | HP: 8/35 [wight/+0 battleaxe (17)]
  3612 | D:4      | Reached skill level 3 in Fighting
  3754 | D:4      | Found an ancient bone altar of Kikubaaqudgha.
  3768 | D:4      | Noticed Menkaure
  3770 | D:4      | 3770 ||| DROPPING +0 whip.
  3771 | D:4      | Found a basalt altar of Yredelemnul.
  3806 | D:4      | Found a transporter.
  3808 | D:4      | Found a transporter.
  3878 | D:4      | 3878 ||| Stepping ~*~*~tactically~*~*~ (hiding).
  3879 | D:4      | 3879 ||| Stepping ~*~*~tactically~*~*~ (hiding).
  4044 | D:4      | Found a snail-covered altar of Cheibriados.
  4188 | D:4      | 4188 ||| DROPPING +0 flail.
  4390 | D:4      | 4390 ||| UPGRADING to +0 buckler.
  4395 | D:4      | 4395 ||| UPGRADING to +0 chain mail.
  4405 | D:4      | 4405 ||| DROPPING +0 ring mail.
  4406 | D:4      | 4406 ||| DRINKING 2 lumpy black potions.
  4407 | D:4      | 4407 ||| DRINKING 2 smoky red potions.
  4408 | D:4      | 4408 ||| READING 2 scrolls of identify.
  4408 | D:4      | 4408 ||| IDENTIFYING bubbling inky potion
  4409 | D:4      | 4409 ||| DROPPING potion of degeneration.
  4451 | D:5      | Entered Level 5 of the Dungeon
  4480 | D:5      | Reached skill level 1 in Shields
  4480 | D:5      | Reached XP level 7. HP: 41/41 MP: 11/11
  4685 | D:5      | Reached skill level 3 in Armour
  4890 | D:5      | Found an opulent altar of Gozag.
  4918 | D:5      | 4918 ||| READING scroll of enchant weapon.
  4918 | D:5      | 4918 ||| ENCHANTING +1 hand axe.
  4950 | D:5      | 4950 ||| Stepping ~*~*~tactically~*~*~ (hiding).
  5099 | D:5      | Found a runed translucent gate.
  5100 | D:5      | Found a runed translucent gate.
  5101 | D:5      | Found a runed translucent gate.
  5102 | D:5      | Noticed qw's ghost (novice TeWr)
  5102 | D:5      | Noticed qw's ghost (novice TeWr)
  5102 | D:5      | Noticed qw's ghost (novice TeWr)
  5102 | D:5      | Noticed qw's ghost (novice TeWr)
  5103 | D:5      | Noticed qw's ghost (amateur TeWr)
  5118 | D:5      | Found a white marble altar of Elyvilon.
  5215 | D:5      | Reached skill level 8 in Axes
  5588 | D:5      | 5588 ||| UPGRADING to +0 pair of gloves.
  5593 | D:5      | 5593 ||| READING scroll labelled ITRIQE WEUSEO.
  5594 | D:5      | 5594 ||| DRINKING 2 silvery potions.
  5595 | D:5      | 5595 ||| READING 2 scrolls of identify.
  5595 | D:5      | 5595 ||| IDENTIFYING bubbling puce potion
  5596 | D:5      | 5596 ||| DROPPING potion of brilliance.
  5625 | D:6      | HP: 10/41 [poisoned by a gnoll sergeant]
  5626 | D:6      | 5626 ||| READING 3 scrolls of teleportation.
  5626 | D:6      | HP: 4/41 [jelly (1)]
  5626 | D:6      | Splashed by a jelly's acid

Levels and vault maps discovered:
D:1:      evilmike_arrival_plus, layout_basic
D:2:      layout_rooms, shapermc_ecumenical_altar_gd, minmay_increasing_density
D:3:      wander_river, layout_basic, nzn_wu_jian_council_hall
D:4:      layout_loops_ring, gammafunk_temple_of_torment,
          mainiacjoe_overflow_brackets, guppyfry_early_lair_pool
D:5:      layout_gridville, grunt_gozag_statues, elyvilon_altar_5,
          gammafunk_ghost_cemetery, nrook_mini_backslash
D:6:      black_bear_nest_2, layout_loops_cross, mainiacjoe_overflow_alcove_4,
          led_sif_pool, minmay_temple_entry_arrows

Skill      XL: |  1  2  3  4  5  6  7 |
---------------+----------------------+-----
Axes           | 3 4 5 6 7 8 |  8.0
Fighting       | 3 |  3.2
Shields        | 1 2 |  2.0
Armour         | 3 |  3.3
Throwing       | |  1.8
Dodging        | |  2.1
Spellcasting   | |  2.0
Translocations | |  2.4

Action                   |  1- 3 |  4- 6 |  7- 9 || total
-------------------------+-------+-------+-------++-------
Melee: Hand axe          |    82 |   104 |    53 ||   239
       Kick              |    15 |    27 |    17 ||    59
       Peck              |    12 |    16 |     5 ||    33
       Punch             |     1 |       |       ||     1
Throw: Boomerang         |     7 |       |       ||     7
       Javelin           |    10 |    50 |     7 ||    67
  Use: Potion            |     2 |     2 |     1 ||     5
       Scroll            |     1 |     7 |     4 ||    12
Armor: Leather armour    |    11 |     7 |       ||    18
       Ring mail         |       |    15 |       ||    15
       Chain mail        |       |     2 |    38 ||    40
Dodge: Dodged            |    43 |    46 |    27 ||   116
Block: Buckler           |       |       |    12 ||    12

Table legend:
 A = Non-vault XP
 B = Vault XP
 C = Vault XP percentage of total XP
 D = Non-vault monster count
 E = Vault monster count
 F = Vault count percentage of total count
                 A         B        C        D         E       F
            +---------+---------+-------+---------+---------+-------
      Total |    1160 |      35 |   2.9 |      97 |       7 |   6.7
            +---------+---------+-------+---------+---------+-------
        D:1 |      54 |       0 |   0.0 |      32 |       0 |   0.0
        D:2 |      57 |       8 |  12.3 |      16 |       5 |  23.8
        D:3 |      30 |       0 |   0.0 |      14 |       0 |   0.0
        D:4 |     439 |      27 |   5.8 |      23 |       2 |   8.0
        D:5 |     566 |       0 |   0.0 |      11 |       0 |   0.0
        D:6 |      14 |       0 |   0.0 |       1 |       0 |   0.0
            +---------+---------+-------+---------+---------+-------
